 Dungeon Sprint DCSS version 0.31.0-32-g396128a36d (webtiles) character file.

Game seed: 13714989769284351303

51 Groucho the Shield-Bearer (level 3, -3/26 HPs)
             Began as a Gargoyle Fighter on Mar 22, 2024.
             Slain by an ogre
             ... wielding a +0 giant spiked club
              (17 damage)
             ... in the Dungeon (Sprint IX: "|||||||||||||||||||||||||||||").
             The game lasted 00:00:44 (280 turns).

Groucho the Shield-Bearer (Gargoyle Fighter)         Turns: 280, Time: 00:00:44

Health: -3/26      AC: 10    Str: 19    XL:     3   Next: 81%
Magic:  3/3        EV:  9    Int:  8    God:
Gold:   0          SH:  5    Dex: 11    Spells: 2/2 levels left

rFire   . . .        a - +0 flail
rCold   . . .        c - +0 buckler
rNeg    + . .        b - +0 scale mail
rPois   ∞            (no helmet)
rElec   +            (no cloak)
rCorr   .            (no gloves)
SInv    .            (no boots)
Will    .....        (no amulet) Stlth
                     (no ring)
HPRegen 0.24/turn    (no ring)
MPRegen 0.08/turn

%: no teleportation
@: on berserk cooldown, slowed, very slow
A: sickness immunity, AC +3, negative energy resistance 1, electricity
resistance, torment resistance 1, petrification resistance
a: no special abilities


You were in the Dungeon.
You visited 1 branch

Inventory:

Hand Weapons
 a - a +0 flail (weapon)
Armour
 b - a +0 scale mail (worn)
 c - a +0 buckler (worn)
Scrolls
 j - a scroll of blinking
Potions
 d - a potion of might
 e - a potion of curing
 f - a potion of heal wounds
 g - a potion of haste
 h - 2 potions of magic


   Skills:
 + Level 5.0 Fighting
 + Level 4.0 Maces & Flails
 + Level 5.1 Armour
 + Level 5.1 Shields


You had 2 spell levels left.
You didn't know any spells.
Your spell library was empty.

Dungeon Overview and Level Annotations

Branches:
Dungeon (1/1)

Altars:


Innate Abilities, Weirdness & Mutations

You are immune to sickness and miasma.
Your stone body is resilient. (AC +3)
You are immune to poison.
You resist negative energy. (rN+)
You are resistant to electric shocks. (rElec)
You are resistant to unholy torment.
You are immune to petrification.


Message History

You sock the adder!
You kill the adder!
Your Fighting skill increases to level 5!
Your Armour skill increases to level 5!
Your Shields skill increases to level 5!
Unknown command.
You hit the orc.
The orc is heavily wounded.
The orc hits you with a +0 short sword.
You barely miss the orc.
The orc is heavily wounded.
The orc hits you but does no damage.
You barely miss the orc.
The orc is heavily wounded.
You thump the orc!
You kill the orc!
The orc throws a boomerang.
The boomerang closely misses you.
Your Maces & Flails skill increases to level 4!
The orc hits you but does no damage.
There is an open door, spattered with blood here.
Things that are here:
a +0 short sword; an adder corpse You sock the orc!
You kill the orc!
You are no longer berserk.
You are exhausted.
You feel yourself slow down. You block the ogre's attack.
Things that are here:
a +0 flail; 3 boomerangs; a +0 leather armour You sock the ogre!
The ogre is heavily wounded.
The ogre barely misses you.
You barely miss the ogre.
The ogre is heavily wounded.
The ogre barely misses you.
You barely miss the ogre.
The ogre is heavily wounded.
The ogre hits you with a +0 giant spiked club!
Ouch! That really hurt!
You die...

▓+▓
▓.▓
▓.▓
▓.▓
▓O▓
▓@▓
▓)▓
▓.▓
▓.▓
▓.▓
▓.▓
▓)▓
▓'▓
▓.▓


You could see an ogre.

Vanquished Creatures
  A hound (D)
  An adder (D)
  2 orcs (D)
  A ball python (D)
  2 endoplasms (D)
  A hobgoblin (D)
  A kobold (D)
9 creatures vanquished.

Notes
Turn   | Place    | Note
-------+----------+-------------------------------------------
     0 | D        | Groucho the Gargoyle Fighter began the quest for the Orb.
     0 | D        | Reached XP level 1. HP: 14/14 MP: 1/1
   253 | D        | Noticed an ogre
   253 | D        | Noticed a hound
   265 | D        | Killed a hound
   266 | D        | Reached XP level 2. HP: 16/20 MP: 2/2
   266 | D        | Reached XP level 3. HP: 20/25 MP: 3/3
   271 | D        | Reached skill level 5 in Fighting
   271 | D        | Reached skill level 5 in Armour
   271 | D        | Reached skill level 5 in Shields
   280 | D        | Slain by an ogre

Illustrated notes

Levels and vault maps discovered:
D:        linesprint [early_d, line_temple, items_1, d_10, items_2, lair_1,
          lair_end, items_3, orc_1, orc_end, items_4, d_15, swamp_1, shoals_1,
          snake_1, spider_1, d_20, vaults_1, items_5, swamp_end, shoals_end,
          snake_end, spider_end, vaults_end, d_27, items_6, zot_1, zot_end,
          crypt_end, forest_end, elf_end, slime_end, tomb_end, abyss_end,
          pan_hell_end]

Skill      XL: |  1  2  3 |
---------------+----------+-----
Fighting       | 4 5 |  5.0
Maces & Flails | 3 4 |  4.0
Armour         | 4 5 |  5.1
Shields        | 4 5 |  5.1

Action                     || total
---------------------------++-------
  Melee: Flail             ||    44
    Use: Potion            ||     1
 Armour: Scale mail        ||    30
  Dodge: Dodged            ||    19
  Block: Buckler           ||     3
